 Dungeon Crawl Stone Soup version 0.19-a0-1021-g80cc50c (webtiles) character file.

159312 mistymad the Markscentaur (level 17, -13/151 HPs)
             Began as a Centaur Hunter on July 27, 2016.
             Was a High Priest of Okawaru.
             Killed from afar by a frost giant (48 damage)
             ... with a bolt of cold
             ... on level 1 of the Depths.
             The game lasted 02:03:04 (45104 turns).

mistymad the Markscentaur (Centaur Hunter)         Turns: 45104, Time: 02:03:05

Health: -13/151    AC: 29    Str: 17    XL:     17   Next: 16%
Magic:  24/24      EV: 13    Int: 10    God:    Okawaru [*****.]
Gold:   2493       SH:  0    Dex: 15    Spells: 0 memorised, 16 levels left

rFire  + + .     SeeInvis .     q - +2 longbow (flame)
rCold  . . .     Gourm    .     T - +3 ring mail {rF+}
rNeg   . . .     Faith    .     (shield currently unavailable)
rPois  +         Spirit   .     K - +2 hat
rElec  +         Dismiss  .     D - +2 cloak {+Inv}
rCorr  .         Reflect  .     l - +0 pair of gloves
SustAt .         Harm     .     p - +5 centaur barding "Lorhaodo" {rElec rPois Slay+5 Stlth-}
MR     +....                    (no amulet)
Stlth  ..........               H - +5 ring of evasion
                                m - ring of protection from fire

@: very quick, somewhat resistant to hostile enchantments, extremely unstealthy
A: hooves 3, molten scales 1, deformed body, speed 2, tough skin 3
a: Heroism, Finesse, Renounce Religion, Evoke Invisibility


You were on level 1 of the Depths.
You worshipped Okawaru.
Okawaru was extremely pleased with you.
You were not hungry.

You visited 6 branches of the dungeon, and saw 26 of its levels.
You also visited: Volcano.

You collected 2493 gold pieces.

Inventory:

Hand Weapons
 e - the +10 falchion "Emmebb" {drain, rPois rC+}
   (You found it on level 2 of the Lair of Beasts)

   A truly terrible weapon, it drains the life of those it strikes.
   It protects you from cold.
   It protects you from poison.
 q - a +2 longbow of flaming (weapon)
 r - the +9 great sword "Yclorel" {slice, rN++ Dex-3}
   (Okawaru gifted it to you on level 4 of the Lair of Beasts)

   It inflicts extra damage upon your enemies.
   It affects your dexterity (-3).
   It greatly protects you from negative energy.
Missiles
 d - 860 arrows (quivered)
 W - a throwing net
Armour
 l - a +0 pair of gloves (worn)
 p - the +5 centaur barding "Lorhaodo" (worn) {rElec rPois Slay+5 Stlth-}
   (Okawaru gifted it to you on level 15 of the Dungeon)

   It affects your accuracy and damage with ranged weapons and melee attacks
   (+5).
   It insulates you from electricity.
   It protects you from poison.
   It makes you less stealthy.
 v - a +0 centaur barding of cold resistance
 D - a +2 cloak of invisibility (worn)
 K - a +2 hat (worn)
 T - a +3 ring mail of fire resistance (worn)
 U - a +3 plate armour of fire resistance
Jewellery
 i - an uncursed ring of positive energy
 m - a ring of protection from fire (left hand)
 H - a +5 ring of evasion (right hand)
Wands
 g - a wand of teleportation (4/9)
 L - a wand of digging (8/24)
Scrolls
 a - a scroll of fog
 b - 7 scrolls of remove curse
 k - 6 scrolls of identify
 o - 12 scrolls of teleportation
 y - 2 scrolls of fear
 G - a scroll of immolation
 I - 3 scrolls of recharging
 M - 4 scrolls of enchant weapon
 Q - 3 scrolls of blinking
 Z - 2 scrolls of magic mapping
Potions
 h - a potion of invisibility
 j - 5 potions of might
 s - 2 potions of haste
 u - 8 potions of curing
 w - a potion of agility
 z - a potion of heal wounds
 C - 2 potions of magic
 F - a potion of cure mutation
 J - a potion of flight
 N - 2 potions of ambrosia
 O - 2 potions of mutation
 P - 2 potions of beneficial mutation
 V - 2 potions of resistance
 X - 2 potions of brilliance
Comestibles
 c - 10 beef jerkies
 f - 14 bread rations
 n - 9 meat rations
 t - 6 slices of pizza
 A - 13 fruits
 Y - 3 royal jellies


   Skills:
 + Level 13.9 Fighting
 + Level 12.4 Long Blades
 + Level 16.8 Bows
 + Level 10.7 Armour
 + Level 11.1 Dodging
 - Level 0.5 Stealth
 - Level 10.0 Invocations


You had 16 spell levels left.
You didn't know any spells.

Dungeon Overview and Level Annotations

Branches:
Dungeon (15/15) Temple (1/1) D:6 Lair (6/6) D:8 Swamp (2/4) Lair:3 Snake (0/4) Lair:2 Slime (0/5) Lair:5 Orc (1/2) D:11 Vaults (0/5) D:13 D:14 Depths (1/5) D:15

Altars:
Ashenzari
Cheibriados
Dithmenos
Elyvilon
Fedhas
Gozag
Hepliaklqana
Kikubaaqudgha
Makhleb
Nemelex Xobeh
Okawaru
Pakellas
Qazlal
Ru
Sif Muna
Trog
Uskayaw
Vehumet
Xom
Yredelemnul
Zin
The Shining One

Annotations:
D:7 Protee's ghost, novice NaEn
Lair:5 Rupert


Innate Abilities, Weirdness & Mutations

You have hooves in place of feet.
Armour fits poorly on your strangely shaped body.
You cover ground very quickly.
You have extremely tough skin. (AC +3)
You are partially covered in molten scales. (AC +1)


Message History

You take 45 damage, and have 71/151 hp.
MASSIVE DAMAGE!!
Firing (i - inventory. (,) - cycle):
d - 861 arrows (quivered)
Press: ? - help, Shift-Dir - straight line, f/p - frost giant
Aim: a frost giant, wielding a battleaxe of freezing (moderately wounded)
You shoot an arrow.
The arrow barely misses the frost giant.
The frost giant hits you with a battleaxe of freezing!!
* * * LOW HITPOINT WARNING * * *
The frost giant freezes you!
* * * LOW HITPOINT WARNING * * *
You take 37 damage, and have 34/151 hp.
MASSIVE DAMAGE!!
The tengu warrior throws a stone.
The stone hits you but does no damage.
You see here a stone.
Things that are here:
an ice dragon hide; 17 stones
There is a staircase back to the Dungeon, spattered with blood here.
You see here a stone.
The frost giant points at you and mumbles some strange words.
The bolt of cold hits you!
You die...

#### ###### ### #..######....####
..# ####.(....##...##..# ..#
#.#@.##.......# #..# ..#
######..([C#.......###.# ..###
###..##....#.(Q..#.......## ....#
#..........##(..(.(([.[...#
....###..........##..(...(.....?.
##..##).....?....##..#(..........
##.......[..........#......(#...
#........#.................#.C.
#.........#.............(.....#.


You could see a frost giant and a tengu warrior.

Vanquished Creatures
  Frances (D:13)
  Gastronok (D:9)
  Agnes (D:15)
  2 tengu reavers (D:15)
  A frost giant (D:15)
  A fire giant (Depths:1)
  3 very ugly things
  A stone giant (Depths:1)
  3 ettins
  Josephine (Lair:6)
  5 yaktaur captains (D:15)
  A fire dragon (Depths:1)
  10 hydras
  An ice dragon (Depths:1)
  A hell beast (Depths:1)
  2 rakshasas (D:15)
  6 catoblepae
  Erica (D:9)
  Erolcha (D:9)
  An anaconda (shapeshifter) (D:15)
  12 centaur warriors
  A death knight (D:14)
  4 alligators (Swamp:1)
  An ogre mage (Depths:1)
  3 tengu warriors
  3 deep troll shamans (Depths:1)
  2 deep troll earth magi
  11 death yaks (Lair:6)
  Urug (Volcano)
  A deep elf knight (D:15)
  2 sun demons
  3 soul eaters
  2 iron trolls (D:15)
  4 unseen horrors
  A skeletal warrior (D:13)
  A wizard (D:14)
  4 swamp dragons (Swamp:1)
  2 flayed ghosts (D:15)
  8 hill giants
  2 necromancers (Depths:1)
  A wolf spider (D:15)
  2 deep elf magi
  2 orc knights
  A phantasmal warrior (D:15)
  A wolf spider zombie (D:13)
  A faun (shapeshifter) (D:15)
  A stone giant zombie (Depths:1)
  A shadow dragon skeleton (Depths:1)
  6 cyclopes
  2 griffons
  A manticore (shapeshifter) (D:15)
  3 manticores (D:15)
  11 ugly things
  15 elephants (Lair:4)
  A tengu skeleton (Depths:1)
  A salamander (shapeshifter) (D:15)
  Maurice (D:8)
  An elf zombie (Depths:1)
  8 centaur zombies
  A stone giant skeleton (Depths:1)
  2 guardian serpents (shapeshifter)
  7 black mambas
  2 orange demons (Depths:1)
  A gargoyle (D:13)
  6 komodo dragons
  A rime drake (Lair:5)
  16 spiny frogs
  A kobold demonologist (D:15)
  2 efreet
  2 yaktaurs
  An ice devil (Depths:1)
  2 red devils (Depths:1)
  3 freezing wraiths (D:15)
  4 trolls
  A tengu conjurer (Depths:1)
  3 two-headed ogres
  15 slime creatures
  3 giant leeches (Swamp:1)
  A deep troll zombie (Depths:1)
  Grinder (D:6)
  A hornet zombie (D:15)
  A bog body (Swamp:1)
  A raiju (shapeshifter) (Depths:1)
  24 blink frogs
  A spriggan zombie (Depths:1)
  A centaur simulacrum (D:15)
  A spriggan skeleton (Depths:1)
  4 spriggans
  3 shadows
  6 wraiths
  63 yaks
  7 wyverns
  3 fire bats (Lair:6)
  3 hungry ghosts (D:15)
  3 basilisks
  A basilisk (shapeshifter) (D:15)
  17 humans
  13 hippogriffs
  2 wargs
  5 vampire mosquitoes
  10 insubstantial wisps
  4 mottled dragons
  2 soldier ants (D:15)
  A naga (Lair:2)
  11 water moccasins
  4 swamp worms
  3 swamp drakes
  4 ice beasts
  19 orc warriors
  7 porcupines
  2 black bears
  2 sky beasts
  8 wasps
  4 phantoms
  A necrophage (D:11)
  10 ogres
  3 wolves (Lair:4)
  2 boggarts (D:15)
  28 centaurs
  10 crocodiles
  4 big kobolds
  18 giant frogs
  A wyvern skeleton (D:14)
  A wyvern zombie (D:9)
  6 scorpions
  4 killer bees (D:12)
  4 wights (D:6)
  2 howler monkeys
  2 electric eels (Lair:1)
  A quasit (D:7)
  8 crimson imps
  4 hounds
  8 jellies
  A wasp zombie (D:14)
  A giant frog zombie (D:8)
  9 orc priests
  2 giant frog skeletons
  Crazy Yiuf (D:6)
  3 iron imps
  7 centaur skeletons
  16 orc wizards
  7 iguanas
  11 worker ants
  28 sheep
  2 hound zombies
  A hound skeleton (D:6)
  A howler monkey zombie (D:11)
  2 howler monkey skeletons
  7 gnolls
  14 adders
  112 river rats
  5 shadow imps
  7 oozes
  2 adder zombies
  6 worms
  2 dart slugs
  5 giant geckos
  53 orcs
  3 giant cockroaches
  13 goblins
  5 hobgoblins
  10 jackals
  6 quokkas
  A ball python (D:4)
  7 bats
  A giant gecko skeleton (D:8)
  2 giant newts
  25 kobolds
  2 quokka skeletons
  11 rats
  A fungus (Lair:1)
997 creatures vanquished.

Vanquished Creatures (others)
  A boggart (D:15)
  An orc (D:11)
  14 fungi
  22 plants
38 creatures vanquished.

Grand Total: 1035 creatures vanquished

Notes
Turn   | Place    | Note
-------+----------+-------------------------------------------
     0 | D:1      | mistymad the Centaur Hunter began the quest for the Orb.
     0 | D:1      | Reached XP level 1. HP: 17/17 MP: 1/1
   200 | D:1      | Reached XP level 2. HP: 24/24 MP: 2/2
  1059 | D:2      | Reached XP level 3. HP: 30/30 MP: 3/3
  1170 | D:2      | Reached skill level 6 in Bows
  1291 | D:2      | Reached XP level 4. HP: 28/37 MP: 4/4
  1544 | D:2      | Reached skill level 1 in Armour
  2012 | D:3      | Reached XP level 5. HP: 43/45 MP: 5/5
  2099 | D:3      | Found a blossoming altar of Fedhas.
  2101 | D:3      | Found a stormy altar of Qazlal.
  2101 | D:3      | Noticed a phantom
  3910 | D:3      | Reached skill level 1 in Long Blades
  3910 | D:3      | Reached XP level 6. HP: 47/51 MP: 6/6
  4231 | D:4      | Reached skill level 7 in Bows
  4239 | D:4      | Reached XP level 7. HP: 46/58 MP: 7/7
  4627 | D:5      | Entered Level 5 of the Dungeon
  5346 | D:5      | Found a shimmering altar of Xom.
  5787 | D:5      | Reached skill level 8 in Bows
  5787 | D:5      | Reached XP level 8. HP: 59/67 MP: 8/8
  5848 | D:5      | Found a bloodstained altar of Trog.
  6034 | D:5      | Found a white marble altar of Elyvilon.
  6035 | D:5      | Found an ancient bone altar of Kikubaaqudgha.
  6035 | D:5      | Found a glowing golden altar of the Shining One.
  6038 | D:5      | Found a sparkling altar of Nemelex Xobeh.
  6444 | D:6      | Found a staircase to the Ecumenical Temple.
  6498 | Temple   | Entered the Ecumenical Temple
  6590 | Temple   | Became a worshipper of Warmaster Okawaru
  7004 | D:6      | Noticed Grinder
  7006 | D:6      | Paralysed by Grinder for 4 turns
  7014 | D:6      | Paralysed by Grinder for 5 turns
  7029 | D:6      | Killed Grinder
  7029 | D:6      | Reached skill level 5 in Fighting
  7106 | D:6      | Found a runed door.
  7110 | D:6      | Noticed Crazy Yiuf
  7140 | D:6      | Killed Crazy Yiuf
  7290 | D:6      | Reached * piety under Okawaru
  7744 | D:7      | Reached skill level 9 in Bows
  8131 | D:7      | Reached XP level 9. HP: 74/74 MP: 9/9
  8249 | D:7      | Noticed Protee's ghost (novice NaEn)
  8482 | D:7      | Found a white marble altar of Elyvilon.
  8739 | D:7      | Found a sacrificial altar of Ru.
  8926 | D:7      | Found a burning altar of Makhleb.
  9211 | D:8      | Reached ** piety under Okawaru
  9349 | D:8      | Reached skill level 1 in Invocations
  9914 | D:8      | Reached skill level 5 in Dodging
 10327 | D:8      | Found an oddly glowing altar of Pakellas.
 10424 | D:8      | Reached skill level 10 in Bows
 10942 | D:8      | Got a distressingly furry leather armour
 10953 | D:8      | Identified the +5 leather armour of the Pleiades {+Blink} (You found it on level 8 of the Dungeon)
 10964 | D:8      | Found a staircase to the Lair.
 10994 | D:8      | Reached *** piety under Okawaru
 11017 | D:8      | Noticed Maurice
 11116 | D:8      | Killed Maurice
 11116 | D:8      | Reached XP level 10. HP: 55/84 MP: 12/12
 11366 | D:9      | Noticed Erolcha
 11439 | Lair:1   | Entered Level 1 of the Lair of Beasts
 11540 | Lair:1   | Reached skill level 5 in Long Blades
 11999 | Lair:1   | Reached **** piety under Okawaru
 12376 | Lair:1   | Received a gift from Okawaru
 12441 | Lair:1   | Noticed a spiny frog
 12462 | Lair:1   | Killed a spiny frog
 12512 | Lair:1   | Noticed a spiny frog
 12525 | Lair:1   | Killed a spiny frog
 13114 | Lair:2   | Found a staircase to the Snake Pit.
 13344 | Lair:2   | Reached skill level 11 in Bows
 13344 | Lair:2   | Reached skill level 5 in Armour
 13716 | Lair:2   | Reached skill level 5 in Invocations
 14308 | Lair:2   | Got a faintly glowing falchion
 14309 | Lair:2   | Identified the +10 falchion "Emmebb" {drain, rPois rC+} (You found it on level 2 of the Lair of Beasts)
 14347 | Lair:2   | Reached ***** piety under Okawaru
 14380 | Lair:2   | Reached XP level 11. HP: 93/94 MP: 14/14
 14803 | Lair:3   | Noticed a four-headed hydra
 14901 | Lair:2   | Killed a four-headed hydra
 15229 | Lair:3   | Noticed a catoblepas
 15318 | Lair:3   | Killed a catoblepas
 15318 | Lair:3   | Received a gift from Okawaru
 15613 | Lair:3   | Found a staircase to the Swamp.
 15962 | Lair:3   | Received a gift from Okawaru
 16098 | Lair:3   | Noticed a five-headed hydra
 16291 | Lair:3   | Killed a six-headed hydra
 16291 | Lair:3   | Received a gift from Okawaru
 16409 | Lair:3   | Reached ****** piety under Okawaru
 16409 | Lair:3   | Reached skill level 12 in Bows
 16665 | Lair:4   | Received a gift from Okawaru
 16969 | Lair:4   | Reached XP level 12. HP: 94/104 MP: 17/17
 17198 | Lair:4   | Received a gift from Okawaru
 17209 | Lair:4   | Got an ancient great sword {god gift}
 17212 | Lair:4   | Identified the +9 great sword "Yclorel" {slice, rN++ Dex-3} (Okawaru gifted it to you on level 4 of the Lair of Beasts)
 18296 | Lair:4   | Received a gift from Okawaru
 18301 | Lair:4   | Got a jewelled crystal plate armour {god gift}
 18302 | Lair:4   | Identified the +0 crystal plate armour of Creativity {rElec rCorr Slay-5 Stlth+} (Okawaru gifted it to you on level 4 of the Lair of Beasts)
 18483 | Lair:4   | Reached skill level 13 in Bows
 19371 | Lair:5   | Found a staircase to the Slime Pits.
 19510 | Lair:5   | Reached XP level 13. HP: 104/113 MP: 19/19
 19963 | Lair:6   | Entered Level 6 of the Lair of Beasts
 19970 | Lair:6   | Reached skill level 10 in Fighting
 20059 | Lair:6   | Found a dark tunnel.
 20126 | Volcano  | Entered a volcano
 20302 | Volcano  | Noticed Urug
 20336 | Volcano  | Killed Urug
 20624 | Lair:6   | Noticed Josephine
 20645 | Lair:6   | Received a gift from Okawaru
 20689 | Lair:6   | Killed Josephine
 20689 | Lair:6   | Received a gift from Okawaru
 21292 | Lair:6   | Noticed Rupert
 21322 | Lair:6   | Paralysed by Rupert for 4 turns
 21331 | Lair:6   | Paralysed by Rupert for 6 turns
 22282 | Lair:6   | Received a gift from Okawaru
 22797 | Lair:6   | Reached skill level 14 in Bows
 23084 | Lair:6   | Received a gift from Okawaru
 23969 | Lair:6   | Reached XP level 14. HP: 100/122 MP: 21/21
 25138 | D:9      | Killed Erolcha
 25195 | D:9      | Noticed Gastronok
 25251 | D:9      | Found a deep blue altar of Sif Muna.
 25284 | D:9      | Killed Gastronok
 25498 | D:9      | Found an opulent altar of Gozag.
 25531 | D:9      | Noticed Erica
 25561 | D:9      | Killed Erica
 25910 | D:10     | Entered Level 10 of the Dungeon
 25982 | D:10     | Reached skill level 10 in Invocations
 26432 | D:10     | Received a gift from Okawaru
 27454 | D:11     | Found a staircase to the Orcish Mines.
 28337 | D:12     | Received a gift from Okawaru
 28769 | D:13     | Reached skill level 10 in Long Blades
 29062 | D:13     | Received a gift from Okawaru
 29133 | D:13     | Noticed Frances
 29155 | D:13     | Killed Frances
 29896 | D:14     | Found a gate to the Vaults.
 30773 | D:14     | Reached XP level 15. HP: 63/132 MP: 22/22
 31184 | D:14     | Received a gift from Okawaru
 31365 | D:14     | Received a gift from Okawaru
 31700 | D:14     | Found a shimmering altar of Xom.
 32233 | D:15     | Entered Level 15 of the Dungeon
 32593 | D:15     | Found a basalt altar of Yredelemnul.
 32593 | D:15     | Found a basalt altar of Yredelemnul.
 32594 | D:15     | Found a hazy altar of Hepliaklqana.
 32695 | D:15     | Noticed a tengu reaver
 33514 | D:15     | Found a staircase to the Depths.
 33592 | D:15     | Received a gift from Okawaru
 33729 | D:15     | Reached skill level 15 in Bows
 33744 | D:15     | Noticed a frost giant
 33759 | D:15     | Killed a frost giant
 33807 | D:15     | Received a gift from Okawaru
 33832 | D:15     | Reached skill level 10 in Dodging
 34676 | D:15     | Gained mutation: You expend magic power (3 MP) to strengthen your wands. [a neqoxec]
 34742 | D:15     | Gained mutation: You are partially covered in molten scales. (AC +1) [potion of mutation]
 34742 | D:15     | Gained mutation: You are clumsy. (Dex -2) [potion of mutation]
 34742 | D:15     | Lost mutation: You expend magic power (3 MP) to strengthen your wands. [potion of mutation]
 34743 | D:15     | Lost mutation: You are clumsy. (Dex -2) [potion of mutation]
 34743 | D:15     | Gained mutation: You are agile. (Dex +2) [potion of mutation]
 34743 | D:15     | Lost mutation: You are agile. (Dex +2) [potion of mutation]
 34859 | D:15     | Noticed Agnes
 34879 | D:15     | Noticed a tengu reaver
 35003 | Orc:1    | Entered Level 1 of the Orcish Mines
 36045 | Orc:1    | Noticed an orc warlord
 36391 | Swamp:1  | Entered Level 1 of the Swamp
 37032 | Swamp:1  | Received a gift from Okawaru
 37936 | Swamp:1  | Reached XP level 16. HP: 141/141 MP: 23/23
 38717 | Swamp:2  | Noticed a thorn hunter
 39723 | D:15     | Killed Agnes
 39723 | D:15     | Reached skill level 10 in Armour
 40008 | D:15     | Received a gift from Okawaru
 40923 | D:15     | Received a gift from Okawaru
 40923 | D:15     | Reached skill level 16 in Bows
 40937 | D:15     | Got a bloodstained centaur barding {god gift}
 40958 | D:15     | Identified the +5 centaur barding "Lorhaodo" {rElec rPois Slay+5 Stlth-} (Okawaru gifted it to you on level 15 of the Dungeon)
 41256 | D:15     | Killed a tengu reaver
 41906 | D:15     | Identified a scroll of acquirement
 41915 | D:15     | Got a bloodstained scale mail
 41927 | D:15     | Identified the +3 scale mail of the Eight Boll Weevils {MR- Dex+3} (You found it on level 15 of the Dungeon)
 42498 | Depths:1 | Entered Level 1 of the Depths
 43600 | Depths:1 | Received a gift from Okawaru
 44042 | Depths:1 | Reached XP level 17. HP: 95/151 MP: 24/24
 45104 | Depths:1 | Killed from afar by a frost giant

Vault maps used:
D:1:      eino_arrival_cavern_b, fountainhead, hangedman_decor_clover_reticule,
          minmay_misc_feat_rugged
D:2:      kennysheep_six_static_rooms
D:3:      grunt_temple_overflow_forces_of_nature
D:4:      first_bread
D:5:      lightli_temple_of_fire, lemuel_crystal_altar, minitemple
D:6:      uniq_crazy_yiuf_cottage, uniq_grinder
D:7:      nicolae_overflow_crystal_walls, kennysheep_mini, elyvilon_altar_5
D:8:      johnstein_pakellas_dig, lair_0_dummy, grunt_livestock, uniq_maurice
D:9:      lemuel_crystal_altar, lemuel_crystal_altar, serial_glass,
          glass_columns_c, glass_columns_b, glass_columns_a, glass_columns_c,
          glass_columns_a, glass_columns_b, uniq_erica, uniq_erolcha,
          uniq_gastronok
D:10:     eino_small_chamber_without_monster, hangedman_abyss_or_decor_passed,
          stair_cage_open, corexii_checkpoint_a
D:11:     erik_orc_1, kennysheep_small_circle
D:13:     minivault_19, kennysheep_generic_room_12, uniq_frances, uniq_urug
D:14:     david_vaults_3, minmay_misc_feat_more_columns, minmay_ruined_shrine
D:15:     hangedman_slaughterboxes, serial_shops, uniq_agnes
Temple:   dpeg_three_leaves_temple
Lair:1:   serial_bayou_pond_a, bh_autumn_forest_stairs, serial_bayou_shore_b
Lair:2:   guppyfry_snake_entry_garden, lemuel_fruit_tree
Lair:3:   minmay_swamp_entry_reptiles, minivault_23
Lair:4:   serial_bayou_shore_a
Lair:5:   nicolae_slime_entry_slimehenge, grunt_megastairs_4
Lair:6:   evilmike_catoblepas_cave, nicolae_volcano_entry_batcave, st_stairs_9,
          grunt_forest_large_clearing_hut, uniq_rupert, uniq_josephine
Swamp:1:  evilmike_swamp_ruin_house_5
Swamp:2:  evilmike_swamp_ruin_house_1
Depths:1: enter_ziggurat_c, grunt_hell_entry_demonic_statue, tso_altar
Volcano:  volcano_pools

Skill      XL: |  1  2  3  4  5  6  7  8  9 10 11 12 13 14 15 16 17 |
---------------+----------------------------------------------------+-----
Bows           | 6 7 8 9 10 11 12 13 14 15 16 | 16.8
Dodging        | 2 3 4 5 6 7 8 9 10 11 | 11.1
Armour         | 1 2 3 4 5 6 7 8 9 10 | 10.7
Fighting       | 3 4 5 6 7 9 10 12 13 | 13.9
Long Blades    | 1 2 3 4 6 7 8 9 10 11 12 | 12.4
Invocations    | 3 5 6 8 9 10 | 10.0
Stealth        | |  0.5

Action                   |  1- 3 |  4- 6 |  7- 9 | 10-12 | 13-15 | 16-18 || total
-------------------------+-------+-------+-------+-------+-------+-------++-------
Melee: Short sword       |    27 |       |       |       |       |       ||    27
       Kick              |    16 |    36 |    83 |   308 |   578 |   167 ||  1188
       Spear             |    80 |   191 |   102 |       |       |       ||   373
       Whip              |       |    13 |   157 |   248 |       |       ||   418
       Long sword        |       |       |    30 |       |       |       ||    30
       Halberd           |       |       |     9 |    14 |       |       ||    23
       Falchion          |       |       |       |   704 |  1664 |   450 ||  2818
       Great sword       |       |       |       |    38 |   121 |     6 ||   165
       Punch             |       |       |       |       |     2 |       ||     2
 Fire: Shortbow          |       |    22 |   430 |   249 |   774 |   227 ||  1702
       Longbow           |       |       |       |       |       |   387 ||   387
Invok: Heroism           |       |       |       |       |     6 |     1 ||     7
       Finesse           |       |       |       |       |     3 |     1 ||     4
Evoke: Rod               |       |       |       |       |     2 |       ||     2
       Wand              |       |       |       |       |     4 |     1 ||     5
  Use: Scroll            |       |       |    15 |    13 |    11 |     3 ||    42
       Potion            |       |       |       |       |     5 |     1 ||     6
 Stab: Petrifying        |       |       |       |     1 |       |       ||     1
  Eat: Chunk             |     1 |     7 |    17 |    23 |    54 |    16 ||   118
       Fruit             |       |       |     1 |       |       |       ||     1
       Pizza             |       |       |       |     1 |       |     4 ||     5
Armor: Leather armour    |    39 |     2 |    11 |   287 |    19 |       ||   358
       Scale mail        |       |    74 |   204 |       |       |       ||   278
       Ring mail         |       |       |       |       |   442 |   185 ||   627
       Plate armour      |       |       |       |       |   375 |   137 ||   512
Dodge: Dodged            |    34 |    77 |   191 |   772 |   956 |   355 ||  2385
